Map: Data-C

Players

wandehaoa

  • Race: Protoss Protoss
  • League: Master
  • Spawn Location: 9:00

llllllllllll - Winner!

  • Race: Zerg Zerg
  • League: Grandmaster
  • Spawn Location: 3:00

VOD

Have the link to the VOD?

Description

Time

  • Played on: Jan. 16, 2023, 6:10 a.m.
  • Length: 12:31
Show
View Real Time Build Order
Export as new Build Order

wandehaoa Protoss 

Build Orders:  

Get SALT Encoding   

  12  0:00  Probe  
  13  0:13  Probe  
  14  0:18  Pylon  
  14  0:25  Probe  
  15  0:37  Probe (Chrono Boost)  
  15  0:39  Gateway  
  16  0:48  Probe (Chrono Boost)  
  16  0:49  Assimilator  
  17  0:53  Probe (Chrono Boost)  
  18  1:03  Probe  
  19  1:15  Probe  
  20  1:23  Pylon  
  20  1:31  Cybernetics Core  
  20  1:32  Probe  
  21  1:35  Zealot  
  23  1:41  Assimilator  
  23  1:44  Probe  
  24  1:55  Pylon  
  24  1:56  Probe  
  25  2:08  Probe  
  25  2:10  Stargate  
  25  2:13  Adept  
  28  2:23  Warp Gate  
  27  2:41  Nexus  
  27  2:46  Probe  
  28  3:04  Probe, Void Ray (Chrono Boost)  
  33  3:11  Pylon  
  33  3:16  Probe  
  34  3:28  Probe (Chrono Boost)  
  35  3:39  Probe (Chrono Boost)  
  36  3:44  Probe (Chrono Boost)  
  37  3:54  Probe  
  34  4:03  Probe  
  34  4:06  Probe  
  35  4:16  Oracle  
  38  4:17  Adept  
  38  4:18  Probe (Chrono Boost)  
  38  4:20  Probe (Chrono Boost)  
  41  4:28  Probe (Chrono Boost)  
  41  4:31  Probe (Chrono Boost)  
  43  4:33  Probe (Chrono Boost)  
  44  4:40  Probe, Robotics Facility  
  44  4:44  Assimilator  
  44  4:45  Probe  
  46  4:52  Probe  
  47  4:57  Probe  
  48  5:04  Probe  
  48  5:06  Assimilator  
  49  5:07  Sentry  
  49  5:09  Probe  
  49  5:10  Pylon  
  52  5:16  Probe  
  54  5:21  Probe  
  54  5:26  Pylon  
  54  5:28  Probe  
  54  5:33  Probe  
  54  5:35  Robotics Bay  
  54  5:36  Observer  
  54  5:40  Probe  
  54  5:42  Shield Battery  
  54  5:43  Sentry  
  54  5:45  Probe  
  61  5:52  Probe  
  61  5:55  Void Ray  
  61  5:56  Gateway  
  62  5:57  Probe  
  63  6:04  Probe  
  63  6:09  Probe  
  69  6:16  Shield Battery  
  69  6:17  Probe  
  70  6:18  Colossus (Chrono Boost)  
  70  6:21  Probe  
  70  6:25  Stalker  
  75  6:29  Probe  
  75  6:31  Pylon  
  75  6:32  Pylon  
  76  6:34  Probe  
  71  6:50  Stalker  
  71  6:53  Probe  
  60  6:54  Shield Battery  
  60  6:56  Stalker  
  60  7:01  Colossus (Chrono Boost)  
  60  7:04  Probe  
  60  7:05  Probe  
  68  7:11  Shield Battery, Pylon  
  68  7:14  Sentry  
  70  7:16  Probe  
  70  7:18  Probe  
  70  7:21  Forge  
  72  7:24  Sentry  
  72  7:28  Probe  
  75  7:30  Probe  
  75  7:31  Observer  
  75  7:32  Pylon  
  76  7:40  Probe  
  77  7:44  Probe  
  77  7:46  Warp Prism (Chrono Boost)  
  80  7:57  Nexus  
  80  7:58  Sentry x2  
  84  8:04  Nexus  
  84  8:08  Pylon  
  81  8:26  Stalker x2  
  82  8:31  Probe  
  82  8:33  Probe  
  84  8:43  Probe  
  83  8:48  Probe  
  83  8:51  Shield Battery  
  83  8:54  Observer  
  84  8:55  Probe  
  84  8:59  Protoss Ground Weapons Level 1 (Chrono Boost)  
  84  9:02  Photon Cannon  
  85  9:05  Stalker  
  87  9:11  Probe x2 (Chrono Boost)  
  89  9:21  Gateway, Probe (Chrono Boost)  
  90  9:27  Gateway  
  90  9:29  Probe  
  91  9:33  Probe  
  91  9:36  Probe  
  93  9:39  Pylon  
  93  9:40  Pylon  
  93  9:41  Probe  
  93  9:43  Sentry  
  93  9:45  Sentry  
  98  9:46  Probe  
  98  9:48  Probe  
  100  9:53  Probe  
  100  9:57  Twilight Council  
  100  9:58  Probe  
  102  10:01  Colossus  
  102  10:04  Probe  
  103  10:07  Assimilator, Colossus  
  103  10:08  Probe  
  103  10:10  Assimilator  
  103  10:13  Gateway  
  104  10:14  Gateway  
  104  10:16  Gateway  
  104  10:19  Probe  
  105  10:23  Probe  
  105  10:25  Probe  
  107  10:28  Charge (Chrono Boost)  
  107  10:31  Probe  
  107  10:34  Templar Archives  
  107  10:35  Colossus  
  108  10:37  Probe  
  108  10:38  Gateway  
  108  10:40  Photon Cannon  
  108  10:41  Shield Battery, Probe  
  110  10:47  Zealot x3  
  116  10:53  Zealot  
  118  10:59  Psionic Storm  
  118  11:05  Shield Battery  
  118  11:09  Shield Battery  
  118  11:11  High Templar  
  118  11:12  High Templar x2, Disruptor  
  127  11:24  Zealot x4  
  110  11:42  Stalker  
  110  11:48  Zealot x6  
  110  11:52  Disruptor  
  99  12:05  Archon  
  99  12:07  Zealot x2  
  63  12:08  Zealot x4  
  63  12:09  Zealot  
Show
View Real Time Build Order
Export as new Build Order

llllllllllll Zerg - Winner!

Build Orders: Pool First 

Get SALT Encoding   

  12  0:00  Drone  
  13  0:13  Overlord  
  13  0:17  Drone  
  14  0:31  Drone x2  
  17  0:35  Drone  
  17  0:37  Extractor  
  16  0:47  Spawning Pool  
  15  0:50  Drone  
  15  0:57  Drone  
  17  1:20  Hatchery  
  16  1:34  Zergling x6  
  16  1:39  Metabolic Boost  
  19  1:52  Drone  
  20  2:06  Overlord  
  20  2:07  Drone  
  21  2:15  Lair  
  21  2:21  Drone  
  22  2:28  Drone  
  23  2:33  Queen  
  23  2:35  Zergling x2  
  26  2:47  Drone  
  26  2:48  Drone  
  26  2:50  Drone  
  29  2:57  Drone  
  30  3:01  Drone  
  31  3:07  Overlord  
  31  3:08  Queen  
  33  3:13  Overlord  
  33  3:20  Drone, Queen  
  33  3:23  Overlord  
  36  3:37  Spore Crawler  
  36  3:38  Drone x3  
  38  3:43  Drone  
  38  3:47  Extractor  
  38  3:48  Extractor  
  37  3:51  Drone x4  
  41  3:58  Drone  
  41  4:07  Drone  
  41  4:08  Drone  
  42  4:14  Drone  
  42  4:18  Hydralisk Den  
  42  4:20  Drone x4  
  44  4:29  Drone x2  
  46  4:40  Drone x2  
  46  4:42  Hatchery  
  46  4:43  Spore Crawler  
  46  4:48  Muscular Augments  
  46  4:49  Drone  
  47  4:59  Hydralisk x2  
  47  5:01  Overlord x2  
  47  5:04  Overlord  
  51  5:20  Hydralisk x5  
  61  5:23  Hydralisk  
  61  5:27  Hydralisk  
  64  5:34  Hydralisk x2  
  65  5:36  Drone  
  65  5:38  Drone  
  65  5:42  Hydralisk  
  67  5:47  Hydralisk  
  67  5:49  Overlord  
  71  5:53  Overlord  
  71  5:57  Zergling x6  
  72  6:03  Zergling x6  
  77  6:07  Hydralisk  
  79  6:12  Grooved Spines  
  79  6:14  Zergling x6  
  79  6:17  Zergling x2  
  79  6:18  Zergling x2  
  84  6:25  Zergling x10  
  89  6:31  Hydralisk  
  89  6:32  Hydralisk  
  89  6:46  Hydralisk x2  
  83  6:47  Hydralisk  
  83  6:48  Zergling x8  
  85  6:54  Hydralisk  
  85  7:00  Drone x5  
  83  7:08  Drone  
  83  7:09  Drone x4  
  83  7:11  Drone  
  89  7:17  Extractor  
  88  7:23  Drone x2  
  88  7:24  Drone, Baneling Nest  
  88  7:25  Evolution Chamber  
  88  7:29  Drone  
  90  7:30  Infestation Pit  
  90  7:32  Drone x2  
  90  7:33  Drone x3  
  93  7:39  Drone x2  
  94  7:44  Overlord x2  
  94  7:47  Overlord  
  94  7:49  Queen  
  94  8:19  Baneling  
  89  8:28  Centrifugal Hooks  
  89  8:29  Zerg Melee Weapons Level 1  
  89  8:30  Zergling x30, Hive  
  99  8:34  Drone  
  99  8:37  Extractor x2  
  98  8:44  Hydralisk  
  98  8:45  Hydralisk x2  
  98  8:47  Hatchery  
  102  8:56  Drone x3  
  105  9:03  Drone x2  
  105  9:04  Drone x2  
  109  9:11  Baneling x14  
  109  9:12  Baneling x3  
  109  9:20  Hydralisk x3  
  109  9:22  Overlord x3  
  115  9:26  Zergling x8  
  115  9:27  Queen  
  121  9:31  Overlord  
  121  9:34  Overlord  
  121  9:39  Overlord  
  121  9:40  Overlord, Queen  
  121  9:43  Viper  
  126  9:45  Viper  
  129  9:56  Drone  
  129  9:57  Drone  
  131  10:00  Drone  
  131  10:03  Drone x4  
  131  10:04  Drone x3, Queen  
  141  10:07  Hydralisk x3  
  141  10:11  Hydralisk  
  149  10:15  Hydralisk x2  
  149  10:19  Hydralisk, Overseer  
  155  10:23  Hydralisk x2  
  155  10:26  Overlord  
  159  10:32  Hydralisk  
  161  10:36  Hydralisk x2  
  161  10:38  Overlord  
  161  10:40  Zergling x6  
  168  10:42  Overseer  
  168  10:52  Hydralisk x4  
  176  11:01  Baneling x6  
  176  11:02  Zergling x20  
  186  11:04  Zergling x4  
  188  11:16  Zergling x12  
  188  11:17  Baneling x10  
  194  11:28  Zergling x14  
  191  11:35  Hydralisk x3  
  191  11:39  Baneling x8  
  149  11:58  Hydralisk x4  
  141  12:02  Hydralisk  
  141  12:06  Zergling x16  
Tags
 
Matchup
PvZ
Opening
Pool First
Spawn Locations
Cross Positions
Add a new tag
Caveats
  • Supply blocks, unpowered buildings, or Contaminate may cause inaccurate times.
  • Supply counts are checked every 10 seconds.